 Dungeon Sprint DCSS version 0.21-a0-400-g417d9d2 (webtiles) character file.

25 Amnesiac the Sneak (level 2, 0/19 HPs)
             Began as a Demonspawn Earth Elementalist on Oct 20, 2017.
             Was an Initiate of Dithmenos.
             Slain by Sigmund
             ... wielding a +1 scythe of flaming
              (1 damage)
             ... in the Dungeon (Sprint I: "Red Sonja").
             The game lasted 00:01:35 (439 turns).

Amnesiac the Sneak (Demonspawn Earth Elementalist)   Turns: 439, Time: 00:01:36

Health: 0/19       AC:  6    Str:  8    XL:     2   Next: 82%
Magic:  4/5        EV: 11    Int: 16    God:    Dithmenos [......]
Gold:   54         SH:  0    Dex: 13    Spells: 2/5 levels left

rFire    . . .     SeeInvis .   a - +0 dagger
rCold    + . .     Gourm    .   (no shield)
rNeg     . . .     Faith    .   e - +1 leather armour {rC+}
rPois    .         Spirit   .   (no helmet)
rElec    .         Reflect  .   (no cloak)
rCorr    .         Harm     .   (no gloves)
MR       .....     NoTele   +   (no boots)
Stlth    +++.......             (no amulet)
HPRegen  0.06/turn              (no ring)
MPRegen  0.09/turn              (no ring)

@: no status effects
A: slimy green scales 1
a: Renounce Religion


You were in the Dungeon.
You worshipped Dithmenos.
Dithmenos was noncommittal.
You were not hungry.

You visited 1 branch You collected 54 gold pieces.

Inventory:

Hand Weapons
 a - a +0 dagger (weapon)
Missiles
 b - 25 stones (quivered)
Armour
 c - a +0 robe
 e - a +1 leather armour of cold resistance (worn)
Scrolls
 j - a scroll of blinking {!r}
Potions
 g - a potion of haste {!q}
 h - a potion of magic {!q}
Books
 k - a book of Geomancy

   Spells                             Type                      Level
   a - Sandblast                      Earth                        1
   b - Passwall                       Transmutation/Earth          2
   c - Stone Arrow                    Conjuration/Earth            3
   d - Petrify                        Transmutation/Earth          4
   e - Lee's Rapid Deconstruction     Earth                        5
Comestibles
 d - a bread ration


   Skills:
 + Level 0.0 Short Blades
 - Level 1.7 Dodging
 - Level 6.0 Stealth
 - Level 2.0 Spellcasting
 - Level 0.8 Transmutations
 - Level 2.6 Earth Magic


You had 2 spell levels left.
You knew the following spells:

 Your Spells              Type           Power        Failure   Level  Hunger
a - Sandblast             Erth           ##....       10%         1    #......
b - Passwall              Tmut/Erth      #.........   22%         2    ###....


Dungeon Overview and Level Annotations

Branches:
Dungeon (1/1)

Altars:
Cheibriados
Dithmenos
Elyvilon
Fedhas
Gozag
Hepliaklqana
Kikubaaqudgha
Nemelex Xobeh
Okawaru
Qazlal
Ru
Trog
Uskayaw
Yredelemnul
Zin
The Shining One

Shops:
D (

Annotations:
D Sigmund


Innate Abilities, Weirdness & Mutations

You are partially covered in slimy green scales. (AC +2)


Message History

You now have 54 gold pieces (gained 27).
You start resting.
Your magical contamination has completely faded away.
You start resting.
Magic restored.
You start resting.
Magic restored.
Casting: Passwall
Confirm with . or Enter, or press ? or * to list all spells.
Which direction?
You begin to meditate on the wall.
You continue meditating on the rock. x2
You finish merging with the rock.
Sigmund the Dreaded comes into view.
He is wielding a scythe of flaming.
The helpless Sigmund fails to defend himself.
You impale Sigmund!!
Sigmund is severely wounded.
Sigmund hits you but does no damage.
Casting: Passwall
Confirm with . or Enter, or press ? or * to list all spells.
Aiming: Sandblast
Press: ? - help, Shift-Dir - straight line, f - Sigmund
Aim: Sigmund, wielding a scythe of flaming and wearing a robe (severely wounded)
The blast of sand hits Sigmund.
Sigmund is severely wounded.
b - 28 stones
Casting: Sandblast
Confirm with . or Enter, or press ? or * to list all spells.
Aiming: Sandblast
Press: ? - help, Shift-Dir - straight line, f/p - Sigmund
Aim: Sigmund, wielding a scythe of flaming and wearing a robe (severely wounded)
The blast of sand misses Sigmund.
b - 27 stones Sigmund hits you but does no damage.
Casting: Sandblast
Confirm with . or Enter, or press ? or * to list all spells.
Aiming: Sandblast
Press: ? - help, Shift-Dir - straight line, f/p - Sigmund
Aim: Sigmund, wielding a scythe of flaming and wearing a robe (severely wounded)
The blast of sand hits Sigmund.
Sigmund is severely wounded.
b - 26 stones Sigmund gestures at you while chanting.
The puff of flame hits you!
Casting: Sandblast
Confirm with . or Enter, or press ? or * to list all spells.
You don't have enough magic to cast that spell.
Really quaff
h - 2 potions of magic {!q}?
Magic courses through your body.
Sigmund gestures wildly while chanting.
Sigmund flickers and vanishes!
Deactivating autopickup; reactivate with Ctrl-A.
Casting: Sandblast
Confirm with . or Enter, or press ? or * to list all spells.
You don't know that spell.
Casting: Sandblast
Confirm with . or Enter, or press ? or * to list all spells.
Aiming: Sandblast
Press: ? - help, Shift-Dir - straight line The blast of sand hits something.
b - 25 stones Something hits you!
* * * LOW HITPOINT WARNING * * *
Something burns you.
You die...

####### ####
#<.#..+ #.{+
#..'..# +@.#
#..#####+####
#..####..#
#..#__####
#..#_____##
#⌠⌠#_.∩..Y+
####_..__#
#_____#
#######


There were no monsters in sight!

Vanquished Creatures
  Ijyb (D)
1 creature vanquished.

Notes
Turn   | Place    | Note
-------+----------+-------------------------------------------
     0 | D        | Amnesiac the Demonspawn Earth Elementalist began the quest for the Orb.
     0 | D        | Reached XP level 1. HP: 13/13 MP: 3/3
     1 | D        | Noticed Ijyb
    62 | D        | Killed Ijyb
    62 | D        | Reached skill level 6 in Stealth
    62 | D        | Gained mutation: You are partially covered in slimy green scales. (AC +2) [demonic ancestry]
    62 | D        | Reached XP level 2. HP: 9/19 MP: 5/5
   263 | D        | Learned a level 2 spell: Passwall
   300 | D        | Found a shadowy altar of Dithmenos.
   300 | D        | Found a sacrificial altar of Ru.
   300 | D        | Found a snail-covered altar of Cheibriados.
   300 | D        | Found an opulent altar of Gozag.
   300 | D        | Found a sparkling altar of Nemelex Xobeh.
   300 | D        | Found a basalt altar of Yredelemnul.
   300 | D        | Found a hide-covered altar of Uskayaw.
   300 | D        | Found a hazy altar of Hepliaklqana.
   300 | D        | Found an ancient bone altar of Kikubaaqudgha.
   300 | D        | Found Genucoxt's Antique Weapon Emporium.
   300 | D        | Found a glowing golden altar of the Shining One.
   300 | D        | Found an iron altar of Okawaru.
   300 | D        | Found a bloodstained altar of Trog.
   300 | D        | Found a blossoming altar of Fedhas.
   300 | D        | Found a stormy altar of Qazlal.
   300 | D        | Found a white marble altar of Elyvilon.
   300 | D        | Found a glowing silver altar of Zin.
   300 | D        | Noticed a yak
   300 | D        | Became a worshipper of Dithmenos the Shadowed
   434 | D        | Noticed Sigmund
   439 | D        | Slain by Sigmund

Vault maps used:
D:        dungeon_sprint_1

Skill      XL: |  1 |
---------------+----+-----
Stealth        | 6 |  6.0
Dodging        | |  1.7
Spellcasting   | |  2.0
Transmutations | |  0.8
Earth Magic    | |  2.6

Action                   || total
-------------------------++-------
Melee: Unarmed           ||    12
       Dagger            ||     1
 Cast: Sandblast         ||     5
       Passwall          ||     4
  Use: Potion            ||     4
 Stab: Sleeping          ||     1
Armor: Robe              ||     2
       Leather armour    ||     2
Dodge: Dodged            ||     4

Table legend:
 A = Spawn XP
 B = Non-spawn XP
 C = Spawn XP percentage of total XP
 D = Spawn monster count
 E = Non-spawn monster count
 F = Spawn count percentage of total count
 G = Total turns spent on level
                    A         B        C        D         E        F      G
               +---------+---------+-------+---------+---------+-------+---------
         Total |       0 |      36 |   0.0 |       0 |       1 |   0.0 |   439
               +---------+---------+-------+---------+---------+-------+---------
             D |       0 |      36 |   0.0 |       0 |       1 |   0.0 |   439
               +---------+---------+-------+---------+---------+-------+---------
